 Dungeon Crawl Stone Soup version 0.30-b1-2-g02819fbbbe (webtiles) character file.

Game seed: 14807132691135839761

7 Alarkh the Sneak (level 1, -2/18 HPs)
             Began as a Demonspawn Delver on May 22, 2023.
             Slain by Sigmund
             ... wielding a +0 scythe
              (3 damage)
             ... on level 2 of the Dungeon.
             The game lasted 00:00:55 (211 turns).

Alarkh the Sneak (Demonspawn Delver)                 Turns: 211, Time: 00:00:56

Health: -2/18      AC:  3    Str: 12    XL:     1   Next: 83%
Magic:  1/1        EV: 11    Int: 11    God:
Gold:   0          SH:  0    Dex: 14    Spells: 0/0 levels left

rFire   . .          .
                       - Unarmed
rCold   . . .        (no shield)
rNeg    . . .        a - +0 leather armour
rPois   .            (no helmet)
rElec   .            (no cloak)
rCorr   .            (no gloves)
SInv    .            (no boots)
Will    .....        (no amulet)
Stlth   ++           (no ring)
HPRegen 0.23/turn    (no ring)
MPRegen 0.07/turn

%: no passive effects
@: no status effects
A: no striking features
a: no special abilities


You were on level 2 of the Dungeon.
You visited 1 branch of the dungeon, and saw 4 of its levels.

Inventory:

Armour
 a - a +0 leather armour (worn)
 g - an orb of guile
Wands
 f - a wand of digging (3)
Scrolls
 b - a scroll of fog
 c - a scroll of magic mapping
 d - a scroll of fear
 h - a scroll of torment {unknown}
Potions
 e - a potion of might {unknown}


   Skills:
 - Level 3.0 Fighting
 - Level 1.7 Dodging
 - Level 4.5 Stealth
 + Level 2.4 Unarmed Combat


You couldn't memorise any spells.
You didn't know any spells.
Your spell library was empty.

Dungeon Overview and Level Annotations

Branches:
Dungeon (5/15)
 Temple: D:4-7

Altars:
Trog

Annotations:
D:2 Sigmund


Message History

The kobold attacks as you move away! The kobold hits you but does no damage.
The giant cockroach barely misses you.
The giant cockroach attacks as you move away!
The giant cockroach bites you.
The giant cockroach bites you but does no damage.
The giant cockroach attacks as you move away!
The giant cockroach bites you.
The giant cockroach attacks as you move away!
The giant cockroach closely misses you.
You hit the giant cockroach but do no damage.
The giant cockroach bites you.
You hit the giant cockroach.
The giant cockroach is severely wounded.
The giant cockroach closely misses you.
You barely miss the giant cockroach.
The giant cockroach is severely wounded.
The giant cockroach bites you but does no damage.
You barely miss the giant cockroach.
The giant cockroach is severely wounded.
The giant cockroach closely misses you. Something hits you.
The giant cockroach barely misses you.
You hit the giant cockroach but do no damage.
The giant cockroach is severely wounded.
The giant cockroach bites you but does no damage.
Something hits you!
Ouch! That really hurt!
* * * LOW HITPOINT WARNING * * *
You hit the giant cockroach but do no damage.
The giant cockroach is severely wounded.
The giant cockroach barely misses you.
You hit the giant cockroach but do no damage.
The giant cockroach is severely wounded.
The giant cockroach bites you.
* * * LOW HITPOINT WARNING * * *
Something hits you.
* * * LOW HITPOINT WARNING * * *
You hit the giant cockroach but do no damage.
The giant cockroach is severely wounded.
The giant cockroach closely misses you. Something hits you.
You die...

#....##...#.#
#.......###.#
........###.#
....###..##.#
... ##.##.# ..
#.#..# #
#....## ###...#
#..#@# #.##B##
#. #{w## #.
##Ko#
##.####.##
.........#
#..............
...#####.......
## ...####


You could see a worm, an orc, a giant cockroach and a kobold.

Vanquished Creatures
  An ufetubus (D:5)
  An endoplasm (D:2)
2 creatures vanquished.

Notes
Turn   | Place    | Note
-------+----------+-------------------------------------------
     0 | D:5      | Alarkh the Demonspawn Delver began the quest for the Orb.
     0 | D:5      | Reached XP level 1. HP: 18/18 MP: 1/1
     9 | D:5      | Noticed a scorpion
    58 | D:5      | Found a bloodstained altar of Trog.
    99 | D:4      | Noticed a jelly
   194 | D:2      | Noticed Sigmund
   211 | D:2      | Slain by Sigmund

Illustrated notes

Levels and vault maps discovered:
D:2:      layout_rooms, ebering_ecumenical_altar_abandoned, uniq_sigmund
D:3:      layout_loops_ring, nicolae_ru_awakened_eye, led_sif_book,
          lemuel_doored_altar, gammafunk_ghost_gnarly_gnolls, serial_shops,
          nicolae_shop_hallway_plus, minmay_checkerbox
D:4:      layout_rooms, kennysheep_mini, serial_shops, kennysheep_mini_moat,
          dk_noncrumbling_3, minivault_4
D:5:      cheibrodos_helix_gallery, layout_gridville, old_standard_altar

Skill      XL: |  1 |
---------------+----+-----
Unarmed Combat | 2 |  2.4
Fighting       | |  3.0
Dodging        | |  1.7
Stealth        | |  4.5

Action                     || total
---------------------------++-------
  Melee: Unarmed           ||    25
    Use: Potion            ||     1
   Stab: Sleeping          ||     2
 Armour: Leather armour    ||    15
  Dodge: Dodged            ||    24
